 Dungeon Crawl Stone Soup version 0.25.1-1-g288607f (webtiles) character file.

Game seed: 7838275899654189185

2496 auberdahn the Fighter (level 9, -11/97 HPs)
             Began as an Ogre Fighter on Sept 25, 2020.
             Was a Follower of Cheibriados.
             Killed by the air
             ... invoked by Gastronok
              (25 damage)
             ... on level 8 of the Dungeon.
             The game lasted 00:07:24 (6690 turns).

auberdahn the Fighter (Ogre Fighter)                Turns: 6690, Time: 00:07:24

Health: -11/97     AC: 12    Str: 25    XL:     9   Next: 52%
Magic:  9/11       EV:  9    Int: 15    God:    Cheibriados [*.....]
Gold:   402        SH: 10    Dex: 11    Spells: 8/8 levels left

rFire    . . .     SeeInvis .   a - +0 war axe
rCold    . . .     Gourm    .   c - +0 kite shield
rNeg     . . .     Faith    .   b - +0 robe
rPois    .         Spirit   .   q - +1 hat
rElec    .         Reflect  .   (no cloak)
rCorr    .         Harm     .   (gloves unavailable)
MR       .....                  (boots unavailable)
Stlth    +.........             (no amulet)
HPRegen  0.26/turn              h - +4 ring of protection
MPRegen  0.12/turn              i - +4 ring of protection

@: mighty, very slow
A: large, unfitting armour, tough skin 1
a: Bend Time, Renounce Religion


You were on level 8 of the Dungeon.
You worshipped Cheibriados.
Cheibriados was aware of your devotion.
You were not hungry.

You visited 2 branches of the dungeon, and saw 9 of its levels.

You collected 402 gold pieces.

Inventory:

Hand Weapons
 a - a +0 war axe (weapon)
 F - the +8 short sword of Revolt {vorpal, *Contam rF+ rN+++, unknown}
   (You found it on level 6 of the Dungeon)

   It inflicts extra damage upon your enemies.
   It protects you from fire.
   It renders you almost immune to negative energy.
   It causes magical contamination when unequipped.
 M - the +11 rapier of Iwoaw {vorpal, rF- rN+ Str+2, unknown}
   (You found it on level 8 of the Dungeon)

   It inflicts extra damage upon your enemies.
   It affects your strength (+2).
   It makes you vulnerable to fire.
   It protects you from negative energy.
Armour
 b - a +0 robe (worn)
 c - a +0 kite shield (worn)
 q - a +1 hat (worn)
Jewellery
 h - a +4 ring of protection (left hand)
 i - a +4 ring of protection (right hand)
 l - an uncursed ring of poison resistance
 t - a +6 ring of dexterity
 z - a cursed amulet of inaccuracy
 J - an uncursed amulet of guardian spirit
 L - an uncursed ring of see invisible
Wands
 n - a wand of disintegration (5)
 D - a wand of iceblast (13)
Scrolls
 e - 4 scrolls of remove curse {unknown}
 k - 2 scrolls of teleportation {unknown}
 m - 2 scrolls of identify {@r1}
 r - 2 scrolls of amnesia {unknown}
 u - a scroll of fog {unknown}
 v - a scroll of fear {unknown}
 w - 3 scrolls of enchant armour {unknown}
 y - 2 scrolls of enchant weapon {unknown}
 A - a scroll of magic mapping {unknown}
 B - 3 scrolls of immolation {unknown}
 H - 2 scrolls of torment {unknown}
 I - a scroll of summoning {unknown}
 K - a scroll of vulnerability {unknown}
Potions
 d - 2 potions of might
 g - 2 potions of mutation {unknown}
 j - 3 potions of ambrosia {unknown}
 p - a potion of stabbing {unknown}
 s - a potion of heal wounds {unknown}
 C - 2 potions of brilliance {unknown}
 E - a potion of cancellation {unknown}
Comestibles
 f - 20 rations {!d}


   Skills:
 + Level 8.8 Fighting
 * Level 8.7 Axes
 - Level 2.6 Dodging
 + Level 6.1 Shields
 + Level 3.8 Invocations


You had 8 spell levels left.
You didn't know any spells.
Your spell library contained the following spells:

 Spells                   Type           Power        Failure   Level  Hunger
 Animate Skeleton         Necr           N/A          45%         1    ##.....
 Foxfire                  Conj/Fire      #...         45%         1    ##.....
 Pain                     Necr           #...         45%         1    ##.....
 Sandblast                Erth           #.....       45%         1    ##.....
 Passwall                 Tmut/Erth      #.......     58%         2    ###....
 Conjure Flame            Conj/Fire      #.......     83%         3    ####...
 Inner Flame              Hex/Fire       #.......     83%         3    ####...
 Stone Arrow              Conj/Erth      #.....       83%         3    ####...
 Vampiric Draining        Necr           #.........   83%         3    ####...
 Animate Dead             Necr           N/A          99%         4    #####..
 Petrify                  Tmut/Erth      #.......     99%         4    #####..
 Sticky Flame             Conj/Fire      #.......     99%         4    #####..
 Agony                    Necr           #.......     100%        5    ######.
 Fireball                 Conj/Fire      #.........   100%        5    ######.
 Lee's Rapid Deconstruct  Erth           #.........   100%        5    ######.


Dungeon Overview and Level Annotations

Branches:
Dungeon (8/15)             Temple (1/1) D:6
   Lair: D:8-11

Altars:
Ashenzari
Cheibriados
Dithmenos
Elyvilon
Fedhas
Gozag
Hepliaklqana
Kikubaaqudgha
Makhleb
Nemelex Xobeh
Okawaru
Qazlal
Ru
Sif Muna
Trog
Uskayaw
Vehumet
Wu Jian
Xom
Yredelemnul
Zin
The Shining One

Shops:
D:4 :   D:5 *

Annotations:
D:3 1 runed translucent door, Crazy Yiuf
D:8 Gastronok


Innate Abilities, Weirdness & Mutations

You are too large for most types of armour.
You have tough skin. (AC +1)


Message History

Okay, then.
The flow of time bends around you.
Gastronok easily resists.
You feel slightly more hungry.
It was a potion of curing.
You feel better. Gastronok bites you!
* * * LOW HITPOINT WARNING * * *
You feel better.
You feel very mighty all of a sudden. You block Gastronok's attack.
You feel better.
You slash Gastronok!
Gastronok is severely wounded.
Gastronok bites you!
* * * LOW HITPOINT WARNING * * *
You hit Gastronok.
Gastronok is severely wounded.
You slash Gastronok!
Gastronok is severely wounded.
Gastronok waves his eye-stalks in wide circles.
The air twists around and strikes you!!
You die...

####......# #.......(.#
#.........# #.........#
.#......#### ........###
. ...........# ###...
.....#.....##......
......#....w@.......
......####.......... #
#...>.............. #
######............#...##
#
÷..##.........#####.....
. ÷..##.........# .... .
...#..........#####.....
.
....................#...
. ###......#####........
....


You could see Gastronok (swift).

Vanquished Creatures
  A hippogriff (D:8)
  Duvessa (D:6)
  An ice beast (D:6)
  3 ogres
  2 centaurs
  3 bullfrogs
  Dowan (D:6)
  3 scorpions
  3 killer bees (D:8)
  3 howler monkeys
  5 crimson imps
  A bullfrog zombie (D:6)
  4 hounds
  A centaur skeleton (D:8)
  A jelly (D:7)
  2 orc priests
  3 orc wizards
  3 bullfrog skeletons (D:6)
  2 iguanas
  6 worker ants
  3 hound zombies
  8 adders
  A shadow imp (D:5)
  2 oozes
  2 adder zombies
  6 worms
  A dart slug (D:1)
  4 leopard geckos
  18 orcs
  A ball python (D:5)
  6 giant cockroaches
  10 goblins
  7 hobgoblins
  4 jackals
  8 kobolds
  3 quokkas
  8 bats
  8 frilled lizards
  A leopard gecko skeleton (D:7)
  A quokka skeleton (D:5)
  6 rats
157 creatures vanquished.

Vanquished Creatures (others)
  An orc wizard (D:4)
1 creature vanquished.

Grand Total: 158 creatures vanquished

Notes
Turn   | Place    | Note
-------+----------+-------------------------------------------
     0 | D:1      | auberdahn the Ogre Fighter began the quest for the Orb.
     0 | D:1      | Reached XP level 1. HP: 24/24 MP: 1/1
   456 | D:1      | Reached XP level 2. HP: 28/32 MP: 2/2
   801 | D:1      | Reached XP level 3. HP: 37/40 MP: 3/3
  1143 | D:2      | Noticed a scorpion
  1144 | D:2      | Reached XP level 4. HP: 49/49 MP: 4/4
  1246 | D:2      | Reached skill level 5 in Fighting
  1304 | D:2      | Reached XP level 5. HP: 57/57 MP: 5/5
  1999 | D:3      | Found a runed translucent door.
  2000 | D:3      | Noticed Crazy Yiuf
  2457 | D:3      | You fall into a shaft and drop 1 floor!
  2491 | D:4      | Found Yxtur's Book Emporium.
  2793 | D:4      | Reached XP level 6. HP: 63/66 MP: 6/6
  3154 | D:4      | Reached skill level 5 in Axes
  3285 | D:5      | Entered Level 5 of the Dungeon
  3294 | D:5      | Reached XP level 7. HP: 73/75 MP: 7/7
  3726 | D:5      | Found a shattered altar of Ashenzari.
  3835 | D:5      | Found Derohuotz's Mayhem Merchandise.
  4267 | D:6      | Reached XP level 8. HP: 84/84 MP: 8/8
  4275 | D:6      | Found a staircase to the Ecumenical Temple.
  4312 | D:6      | Got a dazzling short sword
  4321 | Temple   | Entered the Ecumenical Temple
  4443 | Temple   | Became a worshipper of Cheibriados the Contemplative
  4539 | D:6      | Reached skill level 5 in Shields
  4655 | D:6      | Reached skill level 1 in Invocations
  4847 | D:6      | Found a shattered altar of Ashenzari.
  4904 | D:6      | Noticed Duvessa
  4904 | D:6      | Noticed Dowan
  4921 | D:6      | Killed Duvessa
  4953 | D:6      | Killed Dowan
  5470 | D:7      | Reached XP level 9. HP: 62/96 MP: 10/10
  5474 | D:7      | Reached * piety under Cheibriados
  6098 | D:8      | Found a shimmering altar of Xom.
  6296 | D:8      | Found a glowing golden altar of the Shining One.
  6368 | D:8      | Got a steaming rapier
  6662 | D:8      | Noticed Gastronok
  6690 | D:8      | Killed from afar by Gastronok

Illustrated notes

Levels and vault maps discovered:
D:1:      dpeg_arrival_tiny_h, layout_loops_corners
D:2:      wad_pebble_path, layout_basic, grunt_ministairs_13
D:3:      layout_rooms, uniq_crazy_yiuf_cottage
D:4:      layout_basic, serial_shops, nicolae_shop_stone, first_ration
D:5:      layout_basic, minmay_misc_feat_chi, minmay_shop_mayhem, st_stairs_1,
          evilmike_ruin_ashenzari
D:6:      minmay_spotlight, layout_basic, minmay_temple_entry_statues_pillars,
          basic_altar, uniq_duvessa
D:7:      layout_rooms, grunt_ogre_cave
D:8:      layout_basic, lemuel_round_altar, basic_altar, uniq_gastronok
Temple:   kilobyte_greek_temple

Skill      XL: |  1  2  3  4  5  6  7  8  9 |
---------------+----------------------------+-----
Shields        | 3 4 5 6 |  6.1
Axes           | 3 4 5 6 7 8 |  8.7
Fighting       | 5 6 8 |  8.8
Invocations    | 2 3 |  3.8
Dodging        | |  2.6

Action                   |  1- 3 |  4- 6 |  7- 9 || total
-------------------------+-------+-------+-------++-------
Melee: War axe           |    90 |   161 |   344 ||   595
Invok: Bend Time         |       |       |     2 ||     2
  Use: Scroll            |       |       |     6 ||     6
       Potion            |       |       |     4 ||     4
  Eat: Chunk             |     1 |     4 |     9 ||    14
       Ration            |       |     1 |       ||     1
Armor: Robe              |    43 |    90 |   184 ||   317
Dodge: Dodged            |    41 |    55 |   138 ||   234
Block: Kite shield       |    44 |    84 |   180 ||   308
